 Dungeon Crawl Stone Soup version 0.20-a0-640-g62ed22f (webtiles) character file.

216803 nikopol the Bludgeoner (level 18, -7/166 HPs)
             Began as a Minotaur Berserker on Feb 12, 2017.
             Was the Champion of Trog.
             Hit by a silver javelin thrown by a merfolk javelineer (14 damage)
             ... on level 4 of the Shoals.
             The game lasted 02:56:53 (31931 turns).

nikopol the Bludgeoner (Minotaur Berserker)        Turns: 31931, Time: 02:56:53

Health: -7/166     AC: 23    Str: 30    XL:     18   Next: 37%
Magic:  17/17      EV: 24    Int:  3    God:    Trog [******]
Gold:   2949       SH: 19    Dex: 16    Spells: 17/17 levels left

rFire    . . .     SeeInvis .   x - +9 morningstar "Oxto" {holy, Str+3 Dex+3}
rCold    . . .     Gourm    .   y - +6 scale mail of the Ladybird {+Blink rCorr Int-5 Stlth+}
rNeg     + . .     Faith    .   E - +3 shield {reflect}
rPois    +         Spirit   .   F - +1 hat
rElec    .         Reflect  +   R - +1 cloak
rCorr    +         Harm     .   K - +0 pair of gloves
MR       +....                  v - +0 pair of boots
Stlth    +.........             D - amulet of regeneration
Regen    0.8/turn               w - ring of resist corrosion
MPRegen  0.2/turn               g - ring of Autumn {*Contam rPois rN+ EV+3 Int+4}

@: lethally poisoned (-7 -> -7), engulfed (cannot breathe), flying, mesmerised
A: retaliatory headbutt, horns 2
}: 1/15 runes: gossamer
a: Berserk, Trog's Hand, Brothers in Arms, Burn Spellbooks, Renounce Religion,
Evoke Blink


You were on level 4 of the Shoals.
You worshipped Trog.
Trog was exalted by your worship.
You were not hungry.

You visited 6 branches of the dungeon, and saw 33 of its levels.
You also visited: Volcano.

You collected 3112 gold pieces.
You spent 163 gold pieces at shops.

Inventory:

Hand Weapons
 x - the +9 morningstar "Oxto" (weapon) {holy, Str+3 Dex+3}
   (You found it on level 4 of the Dungeon)

   It has been blessed by the Shining One to cause great damage to the undead
   and demons.
   It affects your strength (+3).
   It affects your dexterity (+3).
 H - a +6 demon trident of freezing
 S - the +8 morningstar of Dekk {crush, rN+}
   (Trog gifted it to you on level 11 of the Dungeon)

   It inflicts extra damage upon your enemies.
   It protects you from negative energy.
Missiles
 o - 60 tomahawks (quivered)
 L - 5 throwing nets
 O - 15 javelins
 P - 3 javelins of penetration
 Y - 4 tomahawks of dispersal
Armour
 l - a +2 shield
 v - a +0 pair of boots (worn)
 y - the +6 scale mail of the Ladybird (worn) {+Blink rCorr Int-5 Stlth+}
   (You found it on level 6 of the Lair of Beasts)

   It affects your intelligence (-5).
   It lets you blink.
   It protects you from acid and corrosion.
   It makes you more stealthy.
 B - a +2 large shield
 E - a +3 shield of reflection (worn)
 F - a +1 hat (worn)
 K - a +0 pair of gloves (worn)
 R - a +1 cloak (worn)
 T - a +1 chain mail of positive energy
 W - a +1 chain mail of fire resistance
Jewellery
 a - the cursed ring "Rannuli" {+Inv rElec rPois EV-2}
   (You found it on level 9 of the Dungeon)

   [ring of evasion]

   It affects your evasion (-2).
   It insulates you from electricity.
   It protects you from poison.
   It lets you turn invisible.
   It has a curse placed upon it.
 g - the ring of Autumn (left hand) {*Contam rPois rN+ EV+3 Int+4}
   (You found it on level 5 of the Dungeon)

   [ring of evasion]

   It affects your evasion (+3).
   It affects your intelligence (+4).
   It protects you from poison.
   It protects you from negative energy.
   It causes magical contamination when unequipped.
 w - a ring of resist corrosion (right hand)
 D - an amulet of regeneration (around neck)
Wands
 Q - a wand of disintegration (21/24)
Scrolls
 b - a scroll of holy word
 d - 22 scrolls of identify
 e - 2 scrolls of brand weapon
 i - a scroll of enchant armour
 k - 2 scrolls of fear
 n - 4 scrolls of enchant weapon
 r - 17 scrolls of teleportation
 A - 7 scrolls of fog
 C - 17 scrolls of remove curse
 G - 3 scrolls of magic mapping
 M - a scroll of acquirement {unknown}
 X - 2 scrolls of recharging
Potions
 j - 16 potions of curing
 m - 6 potions of brilliance
 p - 3 potions of resistance
 q - 9 potions of heal wounds
 s - a potion of cancellation
 t - 3 potions of flight
 u - 6 potions of might
 I - 2 potions of invisibility
 J - a potion of haste
 N - 6 potions of ambrosia
 U - 10 potions of agility
 Z - a potion of berserk rage
Comestibles
 c - 21 bread rations
 f - 14 meat rations
 h - 28 royal jellies
 z - 8 fruits
 V - 6 chunks of flesh


   Skills:
 + Level 15.9 Fighting
   Level 5.4(14.0) Axes
 + Level 19.4(19.6) Maces & Flails
 + Level 9.2 Throwing
 + Level 15.8 Armour
 + Level 15.1 Dodging
 + Level 16.7 Shields


You had 17 spell levels left.
You didn't know any spells.

Dungeon Overview and Level Annotations

Branches:
Dungeon (15/15)            Temple (0/1) D:5            Lair (6/6) D:11
 Shoals (4/4) Lair:2       Spider (4/4) Lair:3        Slime (0/5) Lair:5
    Orc (2/2) D:12            Elf (2/3) Orc:2        Vaults (0/5) D:13
 Depths (0/5) D:15

Altars:
Cheibriados
Gozag
Hepliaklqana
Kikubaaqudgha
Okawaru
Sif Muna
Uskayaw
Vehumet
Xom

Shops:
D:6 !?   D:7 %   Orc:1 (   Orc:2 (}?(   Elf:2 }==(

Annotations:
Shoals:4 Ilsuiw


Innate Abilities, Weirdness & Mutations

You reflexively headbutt those who attack you in melee.
You have a pair of horns on your head.


Message History

The merfolk siren hits you from afar with a trident!
* * * LOW HITPOINT WARNING * * *
You barely miss something. You headbutt something!
You block the water elemental's attack.
The water elemental completely misses you.
The merfolk impaler hits you from afar with a trident of piercing!
* * * LOW HITPOINT WARNING * * *
x2 The merfolk javelineer misses you.
Something barely misses you. You block the merfolk's attack.
You feel sick.
The merfolk impaler completely misses you.
You block the merfolk javelineer's attack.
You block the merfolk siren's attack.
The water elemental completely misses you.
The water elemental hits you.
* * * LOW HITPOINT WARNING * * *
The water elemental engulfs you in water!
The merfolk javelineer throws a silver javelin.
The silver javelin hits you!
You die...

≈≈≈≈≈≈,,≈≈≈≈≈≈≈....)(.....≈......
≈≈≈≈≈,,≈≈***##≈≈...)######.......
≈≈≈≈≈,,≈**,,,##≈...##≈,,,.#......
≈≈≈≈≈,,≈*,,∩,,#≈..##≈≈≈,*,,#.....
≈≈≈≈≈,,≈*,,,,,#≈..#≈≈≈*≈,,,,#...,
≈≈≈≈≈,,≈*,,,,,#≈..#≈≈≈≈≈≈,*,*..,,
≈≈≈≈≈,,≈*,,,,,#≈..#≈,≈**≈≈,,*,,,,
≈≈≈≈,,,≈**,,,##≈E(#≈,,≈*≈*,,*,,,,
≈≈≈≈,,,≈≈**+*#≈m@(#≈*,,≈≈,,≈*,≈≈≈
≈≈≈≈,,,,,......mE{#*≈*,,,,≈**,≈,,
≈≈≈≈,,,,,...$.(mm≈m#*≈≈≈≈≈**,,≈≈≈
≈≈≈≈≈,,,,.....(..≈≈≈#******,,,≈≈,
≈≈≈≈≈,,,,.......≈≈≈≈≈≈≈,,**,,≈≈≈≈
≈≈≈≈≈≈,,,.≈#≈#≈≈≈≈≈≈≈≈P≈,,,,≈≈≈≈≈
≈≈≈≈≈≈,,,≈#≈≈≈#≈≈≈≈≈≈≈≈P,,,,≈≈≈≈≈
≈≈≈≈≈≈,,,*≈≈≈≈≈#≈≈≈≈≈≈P≈,,,≈≈≈≈≈≈
≈≈≈≈≈,,,,≈≈≈≈≈≈≈,≈≈≈,,,,,,≈≈≈≈≈≈≈


You could see a merfolk impaler, 2 merfolk javelineers, a merfolk, 2 water
elementals and a merfolk siren.

Vanquished Creatures
  Rupert (Lair:3)
  A titan (Shoals:2)
  A kraken (Shoals:3)
  Donald (Elf:2)
  Roxanne (D:14)
  A deep elf sorcerer (Elf:1)
  4 ghost moths
  Louise (Elf:1)
  3 emperor scorpions (Spider:4)
  Aizul (Shoals:4)
  A deep elf elementalist (Elf:1)
  A stone giant (Shoals:2)
  A spark wasp (Spider:4)
  The ghost of XO4YCPATb the Severer, a journeyman HOFi of the Shining One (D:13)
  6 merfolk impalers
  Josephine (D:10)
  A vault guard (D:13)
  5 centaur warriors
  2 alligator snapping turtles (Shoals:2)
  Harold (D:10)
  2 merfolk aquamancers
  5 hydras
  A merfolk avatar (Shoals:2)
  The ghost of tsouns the Thaumaturge, a journeyman OpWr of Vehumet (D:11)
  19 two-headed ogres
  2 ogre magi
  9 death yaks
  2 tengu warriors
  The ghost of anet the Thaumaturge, a journeyman DEWz of Ashenzari (Orc:2)
  19 dancing weapons
  Urug (Lair:2)
  2 orc high priests
  6 deep elf knights
  3 wizards
  5 deep elf archers
  An unseen horror (D:10)
  4 sea snakes
  2 harpies
  A necromancer (D:15)
  An orc knight (Orc:1)
  6 orc sorcerers
  24 orb spiders
  3 cyclopes
  A wolf spider zombie (D:15)
  10 ugly things
  35 deep elf magi
  37 wolf spiders
  3 manticores
  5 fauns
  3 salamanders (Volcano)
  4 merfolk sirens
  The ghost of Beholder179 the Stinger, a novice HaVM of Ashenzari (D:6)
  12 black mambas
  A guardian serpent (Lair:6)
  A torpor snail (Lair:5)
  A naga mage (D:15)
  6 water nymphs
  A gargoyle (D:10)
  13 spiny frogs
  4 kobold demonologists
  A rime drake (Lair:4)
  2 komodo dragons
  8 demonic crawlers
  A merfolk (shapeshifter) (D:15)
  8 trolls
  A queen bee (D:10)
  Prince Ribbit (D:6)
  27 merfolk
  36 jumping spiders
  2 wind drakes
  9 blink frogs
  8 hippogriffs
  9 hornets
  4 snapping turtles
  9 dream sheep
  7 slime creatures
  4 shadows
  30 tarantellas
  4 wraiths
  8 water elementals
  3 basilisks
  72 redbacks
  33 yaks
  2 fire elementals (Elf:1)
  A human (D:12)
  13 wyverns
  2 fire bats (Volcano)
  A steam dragon (D:11)
  3 vampire mosquitoes (D:12)
  Eustachio (D:4)
  6 wargs
  3 hungry ghosts
  Edmund (D:4)
  17 water moccasins
  5 porcupines
  2 soldier ants
  2 hell hounds (Volcano)
  27 orc warriors
  2 slaves (D:9)
  6 ice beasts
  2 black bears
  An eye of draining (D:11)
  3 sky beasts
  A phantom (D:7)
  A necrophage (D:11)
  10 ogres
  31 centaurs
  15 crocodiles
  3 big kobolds
  15 bullfrogs
  2 wyvern zombies (D:14)
  2 wyvern skeletons
  3 scorpions
  24 killer bees
  9 wights
  6 howler monkeys
  4 electric eels
  11 crimson imps
  2 bullfrog zombies
  3 centaur zombies
  3 hounds
  2 quasits
  27 orc priests
  43 orc wizards
  6 centaur skeletons
  6 jellies
  A gnoll shaman (Orc:2)
  4 iguanas
  Natasha (thrice) (D:2)
  2 hell rats (D:11)
  7 worker ants
  A hound skeleton (D:8)
  A hound zombie (D:11)
  6 gnolls
  10 adders
  A river rat (D:11)
  3 shadow imps
  An adder skeleton (D:9)
  A worm (D:3)
  5 leopard geckos
  98 orcs
  A ball python (D:3)
  7 giant cockroaches
  8 goblins
  9 hobgoblins
  7 jackals
  9 kobolds
  9 quokkas
  8 bats
  4 frilled lizards
  A leopard gecko skeleton (D:4)
  7 rats
  5 fungi
  6 plants
  4 tentacles (Shoals:3)
1138 creatures vanquished.

Vanquished Creatures (collateral kills)
  4 oklob plants (Lair:5)
4 creatures vanquished.

Vanquished Creatures (others)
  A two-headed ogre (D:9)
  2 satyrs (Shoals:2)
  Pikel (D:9)
  A cyclops (Shoals:2)
  A tarantella (Spider:2)
  A redback (Spider:4)
  An orc warrior (D:9)
  2 slaves (D:9)
  A boggart (Elf:1)
  3 killer bees (D:9)
  A howler monkey (D:9)
  7 fungi
  10 plants
  7 tentacles (Shoals:3)
39 creatures vanquished.

Grand Total: 1181 creatures vanquished

Notes
Turn   | Place    | Note
-------+----------+-------------------------------------------
     0 | D:1      | nikopol the Minotaur Berserker began the quest for the Orb.
     0 | D:1      | Reached XP level 1. HP: 19/19 MP: 0/0
   190 | D:1      | Reached XP level 2. HP: 27/27 MP: 1/1
   774 | D:2      | Reached ** piety under Trog
   795 | D:2      | Reached XP level 3. HP: 12/33 MP: 2/2
  1048 | D:2      | Found a deep blue altar of Sif Muna.
  1048 | D:2      | Found an ancient bone altar of Kikubaaqudgha.
  1051 | D:2      | Found a radiant altar of Vehumet.
  1100 | D:2      | Noticed Natasha
  1105 | D:2      | Reached skill level 1 in Shields
  1110 | D:2      | Killed Natasha
  1110 | D:2      | Reached XP level 4. HP: 17/41 MP: 3/3
  1541 | D:2      | Found a hazy altar of Hepliaklqana.
  1569 | D:2      | Noticed Natasha
  1575 | D:2      | Killed Natasha
  1579 | D:2      | Noticed Natasha
  1586 | D:2      | Killed Natasha
  1586 | D:2      | Reached XP level 5. HP: 42/47 MP: 4/4
  2177 | D:3      | Reached skill level 5 in Axes
  2191 | D:3      | Reached *** piety under Trog
  2807 | D:4      | Noticed Edmund
  2812 | D:4      | Killed Edmund
  2812 | D:4      | Reached skill level 5 in Fighting
  2812 | D:4      | Reached XP level 6. HP: 56/56 MP: 5/5
  2927 | D:4      | Got a pitted morningstar
  2928 | D:4      | Identified the +9 morningstar "Oxto" {holy, Str+3 Dex+3} (You found it on level 4 of the Dungeon)
  2934 | D:4      | Noticed an ice beast
  2940 | D:4      | Killed an ice beast
  2940 | D:4      | Reached skill level 1 in Maces & Flails
  3263 | D:4      | Noticed Eustachio
  3272 | D:4      | Reached XP level 7. HP: 43/61 MP: 6/6
  3274 | D:4      | Killed Eustachio
  3274 | D:4      | Reached skill level 2 in Maces & Flails
  3650 | D:5      | Entered Level 5 of the Dungeon
  3696 | D:5      | Found a staircase to the Ecumenical Temple.
  3701 | D:5      | Reached skill level 5 in Shields
  3758 | D:5      | Got a slimy platinum ring
  3822 | D:5      | Reached skill level 3 in Maces & Flails
  3966 | D:5      | Found a hide-covered altar of Uskayaw.
  4234 | D:6      | Noticed Beholder179's ghost (novice HaVM)
  4241 | D:6      | Killed Beholder179's ghost
  4241 | D:6      | Reached skill level 4 in Maces & Flails
  4241 | D:6      | Reached skill level 5 in Armour
  4241 | D:6      | Reached XP level 8. HP: 70/70 MP: 7/7
  4466 | D:6      | Reached skill level 5 in Maces & Flails
  4469 | D:6      | Reached skill level 5 in Dodging
  4506 | D:6      | Noticed Prince Ribbit
  4513 | D:6      | Killed Prince Ribbit
  4624 | D:6      | Found Homihed's Magic Scroll Shoppe.
  4632 | D:6      | Bought a scroll of magic mapping for 42 gold pieces
  4632 | D:6      | Bought a scroll of identify for 24 gold pieces
  4684 | D:6      | Found Zilenkik's Distillery.
  4689 | D:6      | Reached **** piety under Trog
  4758 | D:6      | Reached XP level 9. HP: 26/78 MP: 8/8
  4988 | D:6      | Identified the ring of Autumn {*Contam rPois rN+ EV+3 Int+4} (You found it on level 5 of the Dungeon)
  5295 | D:7      | Reached skill level 6 in Maces & Flails
  5317 | D:7      | Found Jith's Food Shoppe.
  5954 | D:8      | Reached skill level 7 in Maces & Flails
  6076 | D:8      | Noticed a two-headed ogre
  6083 | D:8      | Noticed a two-headed ogre
  6087 | D:8      | Killed a two-headed ogre
  6087 | D:8      | Reached skill level 8 in Maces & Flails
  6137 | D:8      | Noticed a two-headed ogre
  6142 | D:8      | Killed a two-headed ogre
  6142 | D:8      | Reached XP level 10. HP: 66/88 MP: 9/9
  6257 | D:8      | Killed a two-headed ogre
  6257 | D:8      | Reached skill level 9 in Maces & Flails
  6276 | D:8      | Noticed a two-headed ogre
  6281 | D:8      | Killed a two-headed ogre
  6328 | D:8      | Found an iron altar of Okawaru.
  6432 | D:8      | Found an opulent altar of Gozag.
  6704 | D:9      | Received a gift from Trog
  6706 | D:9      | Reached ***** piety under Trog
  6852 | D:9      | Got a scorched tin ring
  6886 | D:9      | Killed a two-headed ogre
  6978 | D:9      | Killed Pikel
  7078 | D:9      | Found a shimmering altar of Xom.
  7100 | D:9      | Noticed a two-headed ogre
  7107 | D:9      | Killed a two-headed ogre
  7107 | D:9      | Reached skill level 10 in Maces & Flails
  7214 | D:9      | Found a snail-covered altar of Cheibriados.
  7300 | D:10     | Entered Level 10 of the Dungeon
  7310 | D:10     | You fall through a shaft!
  7337 | D:11     | Noticed a death yak
  7339 | D:11     | Noticed a death yak
  7348 | D:10     | Killed a death yak
  7348 | D:10     | Reached XP level 11. HP: 71/95 MP: 10/10
  7437 | D:10     | Noticed Josephine
  7447 | D:10     | Killed Josephine
  7451 | D:10     | Reached skill level 10 in Shields
  7548 | D:10     | Reached skill level 11 in Maces & Flails
  8006 | D:10     | Noticed Harold
  8016 | D:10     | Killed Harold
  8138 | D:10     | Killed an unseen horror
  8207 | D:11     | Killed a death yak
  8226 | D:11     | Found a staircase to the Lair.
  8231 | D:11     | Noticed a death yak
  8249 | D:11     | Killed a death yak
  8401 | D:11     | Noticed a cyan ugly thing
  8409 | D:11     | Killed a cyan ugly thing
  8409 | D:11     | Reached skill level 12 in Maces & Flails
  8691 | D:11     | Reached skill level 10 in Fighting
  8789 | D:11     | Noticed tsouns's ghost (journeyman OpWr)
  8797 | D:11     | Killed tsouns's ghost
  8797 | D:11     | Reached XP level 12. HP: 106/106 MP: 11/11
  9076 | D:11     | Received a gift from Trog
  9088 | D:11     | Got a jewelled morningstar {god gift}
  9090 | D:11     | Identified the +8 morningstar of Dekk {crush, rN+} (Trog gifted it to you on level 11 of the Dungeon)
  9112 | Lair:1   | Entered Level 1 of the Lair of Beasts
  9120 | Lair:1   | Identified the cursed ring "Rannuli" {+Inv rElec rPois EV-2} (You found it on level 9 of the Dungeon)
  9208 | Lair:1   | You fall through a shaft!
  9224 | Lair:2   | Found a staircase to the Shoals.
  9378 | Lair:1   | Reached skill level 10 in Armour
 10121 | Lair:2   | Noticed a death yak
 10122 | Lair:2   | Noticed a death yak
 10123 | Lair:2   | Noticed a death yak
 10123 | Lair:2   | Noticed a death yak
 10123 | Lair:2   | Noticed a death yak
 10124 | Lair:2   | Noticed a death yak
 10141 | Lair:1   | Killed a death yak
 10141 | Lair:1   | Reached skill level 13 in Maces & Flails
 10147 | Lair:1   | Killed a death yak
 10176 | Lair:1   | Killed a death yak
 10180 | Lair:1   | Killed a death yak
 10184 | Lair:1   | Killed a death yak
 10189 | Lair:1   | Killed a death yak
 10636 | Lair:2   | Reached skill level 10 in Dodging
 10731 | Lair:2   | Reached skill level 14 in Maces & Flails
 10855 | Lair:2   | Noticed an eight-headed hydra
 10861 | Lair:2   | Killed an eight-headed hydra
 10861 | Lair:2   | Reached XP level 13. HP: 86/116 MP: 12/12
 10972 | Lair:2   | Noticed Urug
 10984 | Lair:2   | Killed Urug
 11708 | Lair:3   | Noticed Rupert
 11722 | Lair:3   | Killed Rupert
 11894 | Lair:3   | Found a hole to the Spider Nest.
 12189 | Lair:4   | Received a gift from Trog
 13192 | Lair:5   | Reached skill level 15 in Maces & Flails
 13331 | Lair:5   | Found a staircase to the Slime Pits.
 13841 | Lair:6   | Entered Level 6 of the Lair of Beasts
 14164 | Lair:6   | Received a gift from Trog
 14422 | Lair:6   | Reached XP level 14. HP: 126/126 MP: 13/13
 14566 | Lair:6   | Got a heavily runed scale mail
 14577 | Lair:6   | Identified the +6 scale mail of the Ladybird {+Blink rCorr Int-5 Stlth+} (You found it on level 6 of the Lair of Beasts)
 15365 | D:12     | Reached skill level 16 in Maces & Flails
 15516 | D:12     | Reached ****** piety under Trog
 15526 | D:12     | Received a gift from Trog
 15669 | D:12     | Found a staircase to the Orcish Mines.
 15841 | D:12     | Received a gift from Trog
 16014 | D:12     | Found a shimmering altar of Xom.
 16160 | Orc:1    | Entered Level 1 of the Orcish Mines
 16204 | Orc:1    | Found a dark tunnel.
 16233 | Volcano  | Entered a volcano
 16922 | Orc:1    | Found a radiant altar of Vehumet.
 17163 | Orc:2    | Entered Level 2 of the Orcish Mines
 17253 | Orc:1    | Found Zaza's Antique Weapon Boutique.
 17337 | Orc:2    | Found a staircase to the Elven Halls.
 17367 | Orc:2    | Received a gift from Trog
 17545 | Orc:2    | Noticed anet's ghost (journeyman DEWz)
 17547 | Orc:2    | Killed anet's ghost
 17719 | Orc:2    | Reached skill level 1 in Throwing
 17743 | Orc:2    | Received a gift from Trog
 17748 | Orc:2    | Reached skill level 17 in Maces & Flails
 17953 | Orc:2    | Found Neluqad's Gadget Boutique.
 17953 | Orc:2    | Found Wofijoing's Weapon Boutique.
 17953 | Orc:2    | Found Soz Vische's Magic Scroll Shop.
 17956 | Orc:2    | Found Hakhad's Weapon Shop.
 18482 | D:13     | Reached XP level 15. HP: 125/135 MP: 14/14
 18514 | D:13     | Noticed XO4YCPATb's ghost (journeyman HOFi)
 18527 | D:13     | Killed XO4YCPATb's ghost
 18982 | D:13     | Found a gate to the Vaults.
 19253 | D:14     | Received a gift from Trog
 19505 | D:14     | Noticed Roxanne
 19538 | D:14     | Killed Roxanne
 19888 | D:15     | Entered Level 15 of the Dungeon
 19914 | D:15     | Received a gift from Trog
 20300 | D:15     | Found a staircase to the Depths.
 21146 | Spider:1 | Entered Level 1 of the Spider Nest
 21234 | Spider:1 | Reached skill level 5 in Throwing
 21525 | Spider:1 | Received a gift from Trog
 21548 | Spider:1 | Reached XP level 16. HP: 132/145 MP: 15/15
 21844 | Spider:1 | You fall through a shaft!
 22066 | Spider:2 | Received a gift from Trog
 22792 | Spider:3 | Reached skill level 18 in Maces & Flails
 23030 | Spider:3 | Reached skill level 15 in Shields
 23742 | Spider:4 | Entered Level 4 of the Spider Nest
 24379 | Spider:4 | Received a gift from Trog
 25171 | Spider:4 | Reached XP level 17. HP: 129/154 MP: 16/16
 25333 | Spider:4 | Received a gift from Trog
 25342 | Spider:4 | Got a gossamer rune of Zot
 25780 | Elf:1    | Entered Level 1 of the Elven Halls
 26275 | Elf:1    | Noticed Louise
 26288 | Elf:1    | Killed Louise
 26291 | Elf:1    | Reached skill level 15 in Fighting
 26808 | Elf:2    | Found a huge runed gate.
 26808 | Elf:2    | Found a huge runed gate.
 26808 | Elf:2    | Found a huge runed gate.
 26808 | Elf:2    | Found a huge runed gate.
 26808 | Elf:2    | Found a huge runed gate.
 26963 | Elf:2    | Noticed Donald
 26976 | Elf:2    | Killed Donald
 26976 | Elf:2    | Received a gift from Trog
 27090 | Elf:2    | Reached skill level 15 in Armour
 27206 | Elf:2    | Found Niozaz's Antique Weapon Shop.
 27248 | Elf:2    | Found Uhymoakh's Gadget Shop.
 27248 | Elf:2    | Found Nexkuhiy's Jewellery Emporium.
 27252 | Elf:2    | Found Bajybb's Jewellery Emporium.
 27755 | Elf:2    | Reached skill level 19 in Maces & Flails
 27864 | Elf:2    | Received a gift from Trog
 28392 | Shoals:1 | Entered Level 1 of the Shoals
 29652 | Orc:2    | Bought a scroll of enchant armour for 97 gold pieces
 29726 | Orc:2    | Reached XP level 18. HP: 165/165 MP: 17/17
 30034 | Shoals:2 | Received a gift from Trog
 31063 | Shoals:3 | Reached skill level 15 in Dodging
 31233 | Shoals:4 | Entered Level 4 of the Shoals
 31790 | Shoals:4 | Noticed Aizul
 31822 | Shoals:4 | Killed Aizul
 31822 | Shoals:4 | Received a gift from Trog
 31906 | Shoals:4 | Noticed Ilsuiw
 31931 | Shoals:4 | HP: 8/166 [poisoned by a merfolk javelineer]
 31931 | Shoals:4 | Hit by a silver javelin thrown by a merfolk javelineer

Vault maps used:
D:1:      mrwooster_arrival_statue_3, serial_aquarium,
          aquarium_bridge_long_joined, aquarium_bridge_island_small,
          aquarium_window_corridor_1, aquarium_window_corner, aquarium_window_1,
          aquarium_view_2d, aquarium_balcony_3a, aquarium_pool_five,
          minmay_misc_feat_tower
D:2:      grunt_temple_overflow_magic_moments, old_standard_altar,
          minmay_misc_feat_roman, uniq_natasha
D:3:      grunt_ministairs_10, kennysheep_generic_room_5
D:4:      first_bread, uniq_edmund, uniq_eustachio
D:5:      old_standard_altar, minmay_temple_entry_statues_fountains,
          serial_bayou_lagoon_b
D:6:      serial_shops, nicolae_shop_crystal, shop, uniq_prince_ribbit1
D:7:      serial_shops, shop
D:8:      marbit_many_paths, lemuel_doored_altar
D:9:      xom_confusion_cloud, lemuel_crystal_altar, uniq_pikel
D:10:     david_nohive_1, minmay_misc_feat_x, uniq_josephine, uniq_harold
D:11:     dpeg_lair_monsters
D:12:     erik_orc_4, david_defended_altar_elf
D:13:     david_vaults_5, kennysheep_generic_room_2
D:14:     hex_tiny, uniq_roxanne
D:15:     grunt_enter_depths_magical_seal, hangedman_abyss_or_decor_slice
Lair:1:   st_stairs_9
Lair:2:   elwin_shoals_entry_stream, st_stairs_4, hibernation_bobbens, uniq_urug
Lair:3:   nicolae_spider_entry_tight_spaces, grunt_megastairs_1, uniq_rupert
Lair:4:   st_stairs_11, lookout_lair_type
Lair:5:   minmay_slime_entry_oklob_open, serial_bayou, serial_bayou_pond_d,
          serial_bayou_pond_c, serial_bayou_pond_a, serial_bayou_pond_a,
          serial_bayou_pond_a
Lair:6:   hangedman_lair_tendril_chambers
Shoals:2: cheibrodos_shoals_gigantism
Shoals:4: shoals_end_hangedman, shoal_ilsuiw,
          portal_ice_cave_entry_ice_statue_one, nicolae_shoals_seven_spires,
          uniq_aizul
Spider:4: grunt_spider_rune_parallel
Orc:1:    basic_altar, enter_volcano_1, serial_shops, shop
Orc:2:    st_orc_mages
Elf:1:    hangedman_elf_disciples, corner_web_ring, uniq_louise
Elf:2:    serial_shops, nicolae_shop_crystal, basic_stair_grate_trap,
          minmay_shop_grove, uniq_donald
Volcano:  volcano_village

Skill      XL: |  1  2  3  4  5  6  7  8  9 10 11 12 13 14 15 16 17 18 |
---------------+-------------------------------------------------------+-----
Fighting       | 4 5 6 7 8 10 11 12 13 14 15 | 15.9
Axes           | 4 5 |  5.4
Shields        | 1 2 3 4 6 7 8 9 10 11 12 13 14 15 16 | 16.7
Armour         | 3 4 5 7 8 9 10 11 12 13 14 15 | 15.8
Dodging        | 3 4 5 6 7 9 10 11 12 13 14 15 | 15.1
Maces & Flails | 1 4 5 8 10 12 14 15 17 18 19 | 19.4
Throwing       | 1 5 7 8 9 |  9.2

Action                   |  1- 3 |  4- 6 |  7- 9 | 10-12 | 13-15 | 16-18 || total
-------------------------+-------+-------+-------+-------+-------+-------++-------
Melee: Hand axe          |    77 |   114 |       |       |       |       ||   191
       Headbutt          |     6 |    19 |    36 |   133 |   319 |   329 ||   842
       Morningstar       |       |    20 |   145 |   479 |  1266 |  1209 ||  3119
Throw: Javelin           |       |       |       |       |    30 |    28 ||    58
       Throwing net      |       |       |       |       |     4 |       ||     4
       Tomahawk          |       |       |       |       |       |     1 ||     1
Invok: Berserk           |     1 |     2 |     1 |     1 |     1 |     1 ||     7
       Burn Spellbooks   |     1 |       |       |     2 |     4 |     1 ||     8
       Brothers in Arms  |       |       |       |       |     2 |       ||     2
  Use: Scroll            |       |       |    10 |    11 |    16 |     9 ||    46
       Potion            |       |       |       |       |       |     2 ||     2
 Stab: Distracted        |       |       |       |       |     2 |       ||     2
       Held in net/web   |       |       |       |       |     1 |     1 ||     2
  Eat: Chunk             |     1 |    10 |    10 |    13 |    34 |    27 ||    95
       Meat ration       |       |       |       |     1 |       |     1 ||     2
       Fruit             |       |       |       |       |     2 |     2 ||     4
       Royal jelly       |       |       |       |       |     1 |     1 ||     2
Armor: Animal skin       |     5 |       |       |       |       |       ||     5
       Ring mail         |    18 |       |       |       |       |       ||    18
       Leather armour    |     2 |       |       |       |       |       ||     2
       Scale mail        |       |    30 |       |       |   161 |   237 ||   428
       Chain mail        |       |    15 |    33 |    89 |    24 |       ||   161
Dodge: Dodged            |    33 |    38 |    44 |   174 |   608 |   690 ||  1587
Block: Shield            |    20 |    85 |    95 |   306 |   795 |   951 ||  2252
       Reflection        |       |       |       |       |       |    52 ||    52
